 Dungeon Crawl Stone Soup version 0.26-a0-661-g406de6ba63 (console) character file.

Game seed: 13393351173010533236

203 om the Chopper (level 5, -5/49 HPs)
             Began as a Deep Dwarf Fighter on Oct 8, 2020.
             Killed by nerve-wracking pain
             ... invoked by a shadow imp
             ... summoned by Natasha
              (12 damage)
             ... on level 2 of the Dungeon.
             The game lasted 00:01:43 (1333 turns).

om the Chopper (Deep Dwarf Fighter)                 Turns: 1333, Time: 00:01:44

Health: -5/49      AC:  7    Str: 20    XL:     5   Next: 51%
Magic:  5/5        EV:  8    Int:  9    God:
Gold:   32         SH:  9    Dex: 12    Spells: 4/4 levels left

rFire    . . .     SeeInvis .   a - +0 war axe
rCold    + . .     Faith    .   c - +0 kite shield
rNeg     . . .     Spirit   .   b - +0 scale mail
rPois    .         Reflect  .   (no helmet)
rElec    .         Harm     .   (no cloak)
rCorr    .         Rampage  .   (no gloves)
MR       .....                  (no boots)
Stlth    ..........             (no amulet)
HPRegen  0.00/turn              k - ring of protection from cold
MPRegen  0.09/turn              (no ring)

@: non-regenerating
A: damage resistance, heal wounds, sense surroundings 1, no regeneration
a: Heal Wounds


You were on level 2 of the Dungeon.
You visited 1 branch of the dungeon, and saw 2 of its levels.

You collected 32 gold pieces.

Inventory:

Hand Weapons
 a - a +0 war axe (weapon)
Armour
 b - a +0 scale mail (worn)
 c - a +0 kite shield (worn)
 h - a +0 cloak
Jewellery
 k - a ring of protection from cold (left hand)
Scrolls
 d - 2 scrolls of teleportation {unknown}
 f - 2 scrolls of fear {unknown}
 g - a scroll of enchant armour {unknown}
 i - a scroll of identify {unknown}
 j - a scroll of noise {unknown}
 m - 2 scrolls of blinking {unknown}
Potions
 e - 2 potions of degeneration {unknown}
 l - a potion of haste {unknown}
 n - a potion of lignification {unknown}


   Skills:
 - Level 3.0 Fighting
 * Level 4.6 Axes
 - Level 4.0 Armour
 + Level 2.3 Dodging
 - Level 4.0 Shields


You had 4 spell levels left.
You didn't know any spells.
Your spell library was empty.

Dungeon Overview and Level Annotations

Branches:
Dungeon (2/15)

Altars:

Annotations:
D:2 Natasha


Innate Abilities, Weirdness & Mutations

You are resistant to damage.
You can heal yourself by infusing magical energy.
You passively map a small area around you.
You do not regenerate.


Message History

The shadow imp gestures at you. Pain shoots through your body!
* * * LOW HITPOINT WARNING * * *
You are too injured to fight recklessly!
You closely miss Natasha.
Natasha is moderately wounded.
You hit the shadow imp. You block Natasha's attack.
You block the shadow imp's attack. Natasha claws you.
* * * LOW HITPOINT WARNING * * *
The shadow imp gestures at you. Pain shoots through your body!
* * * LOW HITPOINT WARNING * * *
You are too injured to fight recklessly!
You hit Natasha.
Natasha is moderately wounded.
You closely miss the shadow imp. Natasha claws you.
The shadow imp hits you but does no damage.
You fail to use your ability.
You block Natasha's attack. The shadow imp gestures at you.
Pain shoots through your body!
You die...

...........# ### *
*#. #.#.#.
...........# *
,,,,##.###.#.#.
....########
........#. ....#
*,#. * *,#.##.###.
##### * #.###,
#........ , ,.....
,#####.##### *
#...#, #.......# #
#...# #.###.#.# #
,#..., ,
#.....#.### * #5h#*
#######[##. #.@#
#.# #.##.
#.$#######.####....
#..............####
#..........#####
##.#######.# ###
###


You could see Natasha and a shadow imp (summoned).

Vanquished Creatures
  Sigmund (D:2)
  A gnoll (D:1)
  An adder (D:2)
  A worm (D:2)
  A dart slug (D:1)
  6 bats (D:1)
  2 giant cockroaches
  4 goblins
  7 hobgoblins
  2 kobolds (D:1)
  5 frilled lizards
  5 rats
36 creatures vanquished.

Notes
Turn   | Place    | Note
-------+----------+-------------------------------------------
     0 | D:1      | om the Deep Dwarf Fighter began the quest for the Orb.
     0 | D:1      | Reached XP level 1. HP: 20/20 MP: 1/1
    86 | D:1      | Reached XP level 2. HP: 27/27 MP: 2/2
   427 | D:1      | Reached skill level 1 in Dodging
   427 | D:1      | Reached XP level 3. HP: 28/33 MP: 3/3
   621 | D:1      | You fall into a shaft and drop 1 floor!
   666 | D:2      | Noticed Sigmund
   680 | D:2      | Killed Sigmund
   680 | D:2      | Reached XP level 4. HP: 27/42 MP: 4/4
   680 | D:2      | Reached XP level 5. HP: 31/49 MP: 5/5
  1322 | D:2      | Noticed Natasha
  1333 | D:2      | Killed from afar by a shadow imp

Illustrated notes

Levels and vault maps discovered:
D:1:      dpeg_arrival_central, layout_loops_ring, dk_noncrumbling_2
D:2:      layout_basic, minmay_misc_feat_chi, kennysheep_another_room,
          uniq_sigmund, uniq_natasha

Skill      XL: |  1  2  3 |
---------------+----------+-----
Axes           | 3 4 |  4.6
Dodging        | 1 2 |  2.3
Fighting       | 3 |  3.0
Armour         | 4 |  4.0
Shields        | 4 |  4.0

Action                   |  1- 3 |  4- 6 || total
-------------------------+-------+-------++-------
Melee: War axe           |    89 |    26 ||   115
  Use: Potion            |     1 |       ||     1
Armor: Scale mail        |    46 |     4 ||    50
Dodge: Dodged            |    28 |     3 ||    31
Block: Kite shield       |    63 |    16 ||    79

Table legend: (Time is in decaauts)
 A = Elapsed time spent in this place.
 B = Non-inter-level travel time spent in this place.
 C = Inter-level travel time spent in this place.
 D = Time resting spent in this place.
 E = Time spent auto-exploring this place.
 F = Levels seen in this place.
 G = Mean time per level.
                   A        B        C        D        E       F      G
               +--------+--------+--------+--------+--------+-----+--------+
         Total |   1382 |   1309 |     73 |      0 |   1003 |   2 |  691.0 |
       Dungeon |   1382 |   1309 |     73 |      0 |   1003 |   2 |  691.0 |
               +--------+--------+--------+--------+--------+-----+--------+

Top non-repeatable levels by time:
     D:1: 855 daAuts
     D:2: 526 daAuts
